AoeStats
← DeathBlack

Nomad

504674295Analyzed
4v4 RM · 26d ago on Sep 6, 2026· 23m 24s· 8 players
Game mode
Random Map
Map size
231×231
Population
200
Speed
Normal
Resources
Standard
Victory
Conquest
Starting age
Dark Age
Ending age
Imperial Age
RankedLock teamsTeams togetherTeam positionsShared explorationLock speedFull tech treeHidden civsTurbo modeCheats
Victory
Defeat
🇨🇳 Cumans · China
1187
+12
1158
+13
🇨🇳 Franks · China
1097
+16
🇩🇪 Huns · Germany
1014
+20
🇨🇳 Aztecs · China
1128
-17
🇹🇼 Japanese · Taiwan
1117
-16
🇨🇴 Celts · Colombia
1101
-15
🇨🇴 Vietnamese · Colombia
1043
-13
cooldaban
13:29 Loom
13:50 Loom
16:06 Feudal Age
16:44 Man-at-Arms
22:08 Double-Bit Axe
130农在出兵
15:54 Feudal Age
20:46 Castle Age
19:43 Double-Bit Axe
21:12 Loom
Lemus IV
5:46 Loom
15:55 Feudal Age
17:54 Wheelbarrow
17:57 Gold Mining
18:48 Horse Collar
19:01 Double-Bit Axe
21:50 Castle Age
DeathBlack
3:13 Loom
14:11 Feudal Age
19:35 Double-Bit Axe
20:33 Wheelbarrow
19:43 Town Watch
19:52 Gold Mining
老朱
4:14 Loom
15:37 Feudal Age
16:09 Double-Bit Axe
22:25 Castle Age
20:49 Gold Mining
21:42 Scale Barding Armor
长沙帝国不强也不菜
14:40 Feudal Age
16:14 Fishing Lines
16:54 Double-Bit Axe
18:32 Loom
21:41 Castle Age
22:52 Medium Warships
Nicholas Li
3:26 Loom
14:30 Feudal Age
15:18 Double-Bit Axe
19:07 Castle Age
17:44 Horse Collar
18:50 Gold Mining
19:45 Wheelbarrow
19:17 Light Cavalry
20:57 Bloodlines
21:37 Town Watch
22:31 Scale Barding Armor
jphilkill
3:17 Loom
16:21 Feudal Age
17:49 Wheelbarrow
17:02 Double-Bit Axe
Connection lost

Rejoining the realm…

Still unreachable

The connection could not be restored.

Session expired

The server has moved on; the page needs a fresh start.